AoeStats
← Luna-Noctis

Pilgrims

509356259Analyzed
4v4 RM · 7d ago on Sep 26, 2026· 44m 17s· 8 players
Game mode
Random Map
Map size
Large (8 player)
Population
200
Speed
Normal
Resources
Standard
Victory
Conquest
Starting age
Dark Age
Ending age
Imperial Age
RankedLock teamsTeams togetherTeam positionsShared explorationLock speedFull tech treeHidden civsTurbo modeCheats
Victory
Defeat
🇱🇮 Turks · Liechtenstein
1283
+12
🇭🇰 Spanish · Hong Kong SAR China
1206
+15
🇨🇭 Italians · Switzerland
1107
+19
🇨🇭 Portuguese · Switzerland
1093
+20
🇷🇺 Vikings · Russia
1201
-17
🇻🇳 Huns · Vietnam
1193
-17
🇩🇪 Magyars · Germany
1166
-16
🇪🇸 Italians · Spain
1163
-16
MalSofrit
7:05 Loom
11:16 Feudal Age
11:58 Double-Bit Axe
12:01 Town Watch
21:14 Castle Age
28:46 Horse Collar
Taleshire
5:09 Loom
10:53 Feudal Age
11:38 Gold Mining
13:03 Fletching
18:19 Double-Bit Axe
18:18 Horse Collar
26:07 Castle Age
25:16 Stone Mining
27:00 Bodkin Arrow
27:42 Bow Saw
27:35 Heavy Plow
27:58 Medium Warships
27:45 Fishing Lines
29:35 Scale Mail Armor
29:46 Forging
30:58 Squires
31:19 Chain Mail Armor
41:26 Imperial Age
40:44 Ballistics
halong1301
11:57 Loom
13:43 Feudal Age
20:27 Castle Age
19:27 Double-Bit Axe
19:50 Horse Collar
22:11 Bow Saw
22:03 Heavy Plow
23:12 Husbandry
23:24 Bloodlines
23:59 Stone Mining
24:01 Gold Mining
29:31 Gold Shaft Mining
33:13 Imperial Age
31:55 Scale Barding Armor
31:52 Marauders
32:16 Forging
33:29 Chain Barding Armor
34:25 Elite Tarkan
36:29 Plate Barding Armor
38:28 Plate Barding Armor
39:04 Iron Casting
45:06 Blast Furnace
OFvon1901
8:10 Loom
13:11 Feudal Age
13:49 Double-Bit Axe
14:23 Fishing Lines
16:14 Horse Collar
21:48 Castle Age
22:31 Bloodlines
24:41 Husbandry
27:42 Wheelbarrow
29:24 Scale Barding Armor
30:58 Wheelbarrow
cutiewing
4:58 Loom
12:19 Feudal Age
18:28 Castle Age
17:06 Double-Bit Axe
19:30 Town Watch
23:06 Forging
23:01 Scale Barding Armor
23:29 Fletching
26:55 Imperial Age
28:33 Conscription
29:35 Chemistry
28:56 Ballistics
30:37 Bodkin Arrow
32:08 Supremacy
32:31 Gold Mining
33:34 Clinker Construction
33:35 Careening
35:05 Padded Archer Armor
35:05 Bracer
35:18 Town Patrol
37:09 Wheelbarrow
36:14 Elite Cannon Galleon
37:39 Carvel Hull
38:09 Bow Saw
37:44 Fishing Lines
38:30 Dry Dock
41:36 Hoardings
41:56 Murder Holes
42:26 Masonry
44:07 Caravan
44:39 Coinage
44:19 Guilds
NOX
9:11 Loom
10:57 Feudal Age
13:43 Double-Bit Axe
19:52 Castle Age
20:58 Bow Saw
28:17 Wheelbarrow
28:25 Scale Mail Armor
30:16 Horse Collar
30:22 Pikeman
33:12 Town Watch
33:43 Hand Cart
39:21 Imperial Age
42:15 Chemistry
41:49 Heavy Plow
42:51 Two-Man Saw
42:25 Fletching
42:58 Ballistics
43:42 Bodkin Arrow
43:59 Masonry
owelt
6:57 Loom
14:54 Feudal Age
15:38 Fishing Lines
15:47 Double-Bit Axe
22:45 Castle Age
20:50 Stone Mining
20:51 Gold Mining
22:38 Wheelbarrow
22:02 Fletching
23:41 Medium Warships
24:58 Bow Saw
25:25 Gold Shaft Mining
25:01 Gillnets
27:52 Caravan
32:29 Bodkin Arrow
32:34 Padded Archer Armor
32:40 Scale Barding Armor
32:45 Forging
34:44 Murder Holes
35:00 Masonry
38:23 Husbandry
38:33 Bloodlines
41:29 Imperial Age
39:18 Hand Cart
38:48 Town Watch
39:43 Leather Archer Armor
42:24 Chain Barding Armor
42:40 Iron Casting
42:14 Elite Janissary
43:37 Ring Archer Armor
44:06 Artillery
44:47 Conscription
Luna-Noctis
10:07 Loom
13:21 Feudal Age
16:49 Horse Collar
24:08 Castle Age
22:12 Fletching
32:50 Town Watch
34:20 Murder Holes
39:26 Imperial Age
37:57 Town Patrol
40:27 Siege Engineers
42:31 Wheelbarrow
Connection lost

Rejoining the realm…

Still unreachable

The connection could not be restored.

Session expired

The server has moved on; the page needs a fresh start.